 Dungeon Crawl Stone Soup version 0.27-b1-41-gafb5482f4b (webtiles) character file.

Game seed: 8014796332875988078

14 Snaphu the Skirmisher (level 2, -1/27 HPs)
             Began as a Hill Orc Fighter on July 28, 2021.
             Succumbed to an adder's poison
             ... on level 3 of the Dungeon.
             The game lasted 00:04:04 (439 turns).

Snaphu the Skirmisher (Hill Orc Fighter)             Turns: 439, Time: 00:04:05

Health: -1/27      AC:  6    Str: 18    XL:     2   Next: 45%
Magic:  2/2        EV:  7    Int:  8    God:
Gold:   25         SH:  9    Dex: 10    Spells: 1/1 levels left

rFire    . . .     SeeInvis .   a - +0 war axe
rCold    . . .     Faith    .   c - +0 kite shield
rNeg     . . .     Spirit   .   b - +0 scale mail
rPois    .         Reflect  .   (no helmet)
rElec    .         Harm     .   (no cloak)
rCorr    .         Rampage  .   (no gloves)
Will     .....                  (no boots)
Stlth    ..........             (no amulet)
HPRegen  0.09/turn              (no ring)
MPRegen  0.08/turn              (no ring)

@: lethally poisoned (-1 -> -5)
A: no striking features
a: no special abilities


You were on level 3 of the Dungeon.
You visited 1 branch of the dungeon, and saw 3 of its levels.

You collected 25 gold pieces.

Inventory:

Hand Weapons
 a - a +0 war axe (weapon)
Armour
 b - a +0 scale mail (worn)
 c - a +0 kite shield (worn)
Scrolls
 f - a scroll of identify {unknown}
Potions
 d - a potion of might
 e - a potion of haste {unknown}


   Skills:
 * Level 4.0 Fighting
 - Level 2.8 Axes
 + Level 3.5 Armour
 + Level 3.5 Shields


You had one spell level left.
You didn't know any spells.
Your spell library contained the following spells:

 Spells                   Type           Power      Damage    Failure   Level
 Ensorcelled Hibernation  Hex/Ice        0%         N/A       100%        2
 Spider Form              Tmut/Pois      0%         N/A       100%        3
 Shadow Creatures         Summ           N/A        N/A       100%        6


Dungeon Overview and Level Annotations

Branches:
Dungeon (3/15)

Altars:


Message History

You miss the adder. The adder bites you.
You are poisoned.
The adder poisons you! The adder closely misses you.
You closely miss the adder.
You feel sick. The adder bites you but does no damage.
You block the adder's attack.
You miss the adder.
You feel sick. You block the adder's attack. x2
You barely miss the adder.
You feel sick.
You are no longer poisoned.
The adder bites you but does no damage. x2
You closely miss the adder. The adder bites you. The adder closely misses you.
You miss the adder. The adder bites you. The adder completely misses you.
Your scale mail prevents you from hitting the adder.
The adder bites you. The adder bites you but does no damage.
You closely miss the adder. The adder bites you. x3
* * * LOW HITPOINT WARNING * * *
You slash the adder!
The adder is almost dead.
The adder bites you but does no damage.
You miss the adder.
The adder is almost dead.
The adder barely misses you. x2
You closely miss the adder.
The adder is almost dead.
You block the adder's attack. The adder bites you but does no damage.
The adder bites you.
* * * LOW HITPOINT WARNING * * *
You closely miss the adder.
The adder is almost dead.
The adder bites you.
* * * LOW HITPOINT WARNING * * *
You are lethally poisoned!
The adder poisons you! The adder barely misses you.
You closely miss the adder.
The adder is almost dead.
* * * LOW HITPOINT WARNING * * *
You feel very sick. The adder bites you but does no damage.
You block the adder's attack.
You miss the adder.
The adder is almost dead.
You die...

##########
......S@.#
#....###.#
#.. #<.# #
#..# ...>#
..##..#
... ...#
## #...#
#...#


You could see an adder.

Vanquished Creatures
  A dart slug (D:2)
  An endoplasm (D:1)
  A giant cockroach (D:1)
  2 hobgoblins (D:1)
  2 jackals (D:2)
  A ball python (D:2)
  4 frilled lizards (D:1)
12 creatures vanquished.

Notes
Turn   | Place    | Note
-------+----------+-------------------------------------------
     0 | D:1      | Snaphu the Hill Orc Fighter began the quest for the Orb.
     0 | D:1      | Reached XP level 1. HP: 19/19 MP: 1/1
    79 | D:1      | Found a faded altar of an unknown god.
   289 | D:1      | Reached XP level 2. HP: 24/27 MP: 2/2
   391 | D:2      | Reached skill level 4 in Fighting
   438 | D:3      | HP: 1/27 [poisoned by an adder]
   439 | D:3      | Succumbed to an adder's poison

Illustrated notes

Levels and vault maps discovered:
D:1:      lightli_arrival_flooded_house, layout_basic,
          shapermc_ecumenical_altar_starsandcircs
D:2:      layout_basic
D:3:      layout_basic, lemuel_doored_altar, tso_oasis_becter,
          chequers_decorated_corner, serial_bayou_ford_a

Skill      XL: |  1  2 |
---------------+-------+-----
Fighting       | 4 |  4.0
Axes           | |  2.8
Armour         | |  3.5
Shields        | |  3.5

Action                   || total
-------------------------++-------
Melee: War axe           ||    41
Armor: Scale mail        ||    24
Dodge: Dodged            ||    13
Block: Kite shield       ||    19
